| TOP OF THE 1ST |
|
Santa Domingo Colonials batting - Pitching for San Juan Pitorros : RHP Antonio Morales
|
|
Pitching: RHP Antonio Morales
|
|
|
Batting: SHB Curt Bryan
|
0-0: Ball 1-0: Ball 2-0: Ball 3-0: Called Strike 3-1: Base on Balls
|
|
Batting: SHB Bip Roberts
|
0-0: Foul Ball, location: 2F 0-1: Ball 1-1: Ball 2-1: Foul Ball, location: 2F 2-2: Ball 3-2: Foul Ball, location: 2F 3-2: Base on Balls Curt Bryan to second
|
|
Batting: LHB Mike Stenhouse
|
0-0: Ball 1-0: Ball 2-0: Called Strike 2-1: Foul Ball, location: 2F 2-2: Ball 3-2: Fielders Choice at 2nd, 6-4 (Groundball, 56, EV 93.1 MPH) Curt Bryan to third
|
|
Batting: RHB John Rabb
|
0-0: Swinging Strike 0-1: Ball 1-1: Foul Ball, location: 2F 1-2: Ball 2-2: Ball 3-2: DOUBLE (Flyball, 8LXD, EV 95.6 MPH) Curt Bryan scores Mike Stenhouse to third Mike Stenhouse scores
|
|
Batting: LHB Marvell Wynne
|
0-0: Called Strike 0-1: Ball 1-1: Ground out 5-3 (Groundball, 5, EV 79.4 MPH)
|
|
Batting: RHB Ken Gerhart
|
0-0: Swinging Strike 0-1: Ball 1-1: Foul Ball, location: 2F 1-2: Foul Ball, location: 2F 1-2: Strikes out looking
|
| Top of the 1st over - 2 runs, 1 hit, 0 errors, 1 left on base; Santa Domingo 2 - San Juan 0 |
| BOTTOM OF THE 1ST |
|
San Juan Pitorros batting - Pitching for Santa Domingo Colonials : LHP Rich Rodas
|
|
Pitching: LHP Rich Rodas
|
|
|
Batting: RHB Jim Opie
|
0-0: Fly out, F8 (Flyball, 89D, EV 91.9 MPH)
|
|
Batting: RHB Mike A Marshall
|
0-0: Swinging Strike 0-1: Ball 1-1: Ball 2-1: Fly out, F4 (Popup, 3D, EV 59.4 MPH)
|
|
Batting: LHB Pat Dodson
|
0-0: Called Strike 0-1: Ball 1-1: Ball 2-1: Foul Ball, location: 2F 2-2: Ball 3-2: Base on Balls
|
|
Batting: LHB Franklin Stubbs
|
0-0: Foul Ball, location: 2F 0-1: Fly out, F9 (Line Drive, 9, EV 95.0 MPH)
|
| Bottom of the 1st over - 0 runs, 0 hits, 0 errors, 1 left on base; Santa Domingo 2 - San Juan 0 |
| TOP OF THE 2ND |
|
Santa Domingo Colonials batting - Pitching for San Juan Pitorros : RHP Antonio Morales
|
|
Batting: RHB Ron Wotus
|
0-0: Fly out, F8 (Flyball, 89M, EV 93.8 MPH)
|
|
Batting: RHB Paul Runge
|
0-0: Called Strike 0-1: Called Strike 0-2: Ball 1-2: Ball 2-2: Fly out, F8 (Flyball, 89D, EV 102.5 MPH)
|
|
Batting: SHB Eddie Tanner
|
0-0: Swinging Strike 0-1: Ball 1-1: Ball 2-1: Foul Ball, location: 2F 2-2: Fly out, F8 (Flyball, 8LD, EV 99.4 MPH)
|
| Top of the 2nd over - 0 runs, 0 hits, 0 errors, 0 left on base; Santa Domingo 2 - San Juan 0 |
| BOTTOM OF THE 2ND |
|
San Juan Pitorros batting - Pitching for Santa Domingo Colonials : LHP Rich Rodas
|
|
Batting: LHB Jeffrey Szczecinski
|
0-0: Called Strike 0-1: Foul Ball, location: 2F 0-2: Ball 1-2: Ball 2-2: Fly out, F7 (Flyball, 7LM, EV 95.0 MPH)
|
|
Batting: RHB Bob Hendershot
|
0-0: Ball 1-0: Ball 2-0: Ball 3-0: Base on Balls
|
|
Batting: SHB Dave Cochrane
|
0-0: SINGLE (Flyball, 78S, EV 84.4 MPH) Bob Hendershot to second
|
|
Batting: SHB Kevin King
|
0-0: Called Strike 0-1: Ball 1-1: Swinging Strike 1-2: Foul Ball, location: 2F 1-2: Strikes out looking
|
|
Batting: RHB Rafael Ramirez
|
0-0: Called Strike 0-1: Called Strike 0-2: Ball 1-2: Ball 2-2: Strikes out swinging
|
| Bottom of the 2nd over - 0 runs, 1 hit, 0 errors, 2 left on base; Santa Domingo 2 - San Juan 0 |
| TOP OF THE 3RD |
|
Santa Domingo Colonials batting - Pitching for San Juan Pitorros : RHP Antonio Morales
|
|
Batting: SHB Curt Bryan
|
0-0: Ball 1-0: Called Strike 1-1: Ball 2-1: Ball 3-1: Swinging Strike 3-2: Foul Ball, location: 2F 3-2: Foul Ball, location: 2F 3-2: Strikes out looking
|
|
Batting: SHB Bip Roberts
|
0-0: Foul Ball, location: 2F 0-1: Ball 1-1: Ball 2-1: Ball 3-1: Base on Balls
|
|
Batting: LHB Mike Stenhouse
|
0-0: Foul Ball, location: 2F 0-1: Ball 1-1: Ball 2-1: Foul Ball, location: 2F 2-2: Ball 3-2: Foul Ball, location: 2F 3-2: Base on Balls Bip Roberts to second
|
|
Batting: RHB John Rabb
|
0-0: Foul Ball, location: 2F 0-1: Called Strike 0-2: Foul Ball, location: 2F 0-2: Strikes out swinging
|
|
Batting: LHB Marvell Wynne
|
0-0: Foul Ball, location: 2F 0-1: SINGLE (Groundball, 34D, EV 97.5 MPH) Bip Roberts to third Mike Stenhouse to second Runner from 3rd tries for Home, SAFE, throw by RF to home
|
|
Batting: RHB Ken Gerhart
|
0-0: Ball 1-0: SINGLE (Line Drive, 56D, EV 105.6 MPH) Mike Stenhouse to third Marvell Wynne to second Runner from 3rd tries for Home, SAFE, throw by LF to home
|
|
Batting: RHB Ron Wotus
|
0-0: Called Strike 0-1: Ground out 5-3 (Groundball, 25, EV 85.0 MPH)
|
| Top of the 3rd over - 2 runs, 2 hits, 0 errors, 2 left on base; Santa Domingo 4 - San Juan 0 |
| BOTTOM OF THE 3RD |
|
San Juan Pitorros batting - Pitching for Santa Domingo Colonials : LHP Rich Rodas
|
|
Batting: RHB Jim Opie
|
0-0: Foul Ball, location: 2F 0-1: Ball 1-1: Ball 2-1: Ball 3-1: Base on Balls
|
|
Batting: RHB Mike A Marshall
|
0-0: Ball 1-0: Foul Ball, location: 2F 1-1: Swinging Strike 1-2: Foul Ball, location: 2F 1-2: Ball 2-2: Foul Ball, location: 2F 2-2: Ball 3-2: Foul Ball, location: 2F 3-2: Base on Balls Jim Opie to second
|
|
Batting: LHB Pat Dodson
|
0-0: Ball 1-0: Called Strike 1-1: Called Strike 1-2: Ball 2-2: Strikes out swinging
|
|
Batting: LHB Franklin Stubbs
|
0-0: Ball 1-0: Called Strike 1-1: Ground out 5-3 (Groundball, 56, EV 105.0 MPH) Jim Opie to third Mike A Marshall to second
|
|
Batting: LHB Jeffrey Szczecinski
|
0-0: Ball 1-0: Swinging Strike 1-1: Ball 2-1: Called Strike 2-2: Ball 3-2: Foul Ball, location: 2F 3-2: Strikes out looking
|
| Bottom of the 3rd over - 0 runs, 0 hits, 0 errors, 2 left on base; Santa Domingo 4 - San Juan 0 |
| TOP OF THE 4TH |
|
Santa Domingo Colonials batting - Pitching for San Juan Pitorros : RHP Antonio Morales
|
|
Batting: RHB Paul Runge
|
0-0: Ball 1-0: Called Strike 1-1: Fly out, F8 (Flyball, 89M, EV 80.0 MPH)
|
|
Batting: SHB Eddie Tanner
|
0-0: Ball 1-0: Ball 2-0: Foul Ball, location: 2F 2-1: Ground out 6-3 (Groundball, 6, EV 82.5 MPH)
|
|
Batting: SHB Curt Bryan
|
0-0: SINGLE (Groundball, 4D, EV 101.9 MPH)
|
|
Batting: SHB Bip Roberts
|
0-0: Swinging Strike 0-1: Ball 1-1: Ball 2-1: Called Strike Curt Bryan steals 2nd base 2-2: Ball 3-2: SINGLE (Line Drive, 6MD, EV 103.8 MPH) Curt Bryan to third Curt Bryan scores
|
|
Pitching: RHP George DeMaria
|
|
|
Batting: LHB Mike Stenhouse
|
0-0: Ball 1-0: Ball 2-0: Called Strike 2-1: Ball 3-1: Base on Balls Bip Roberts to second
|
|
Batting: RHB John Rabb
|
0-0: Called Strike 0-1: Ball 1-1: Fly out, F8 (Flyball, 8RM, EV 93.1 MPH)
|
| Top of the 4th over - 1 run, 2 hits, 0 errors, 2 left on base; Santa Domingo 5 - San Juan 0 |
| BOTTOM OF THE 4TH |
|
San Juan Pitorros batting - Pitching for Santa Domingo Colonials : LHP Rich Rodas
|
|
Batting: RHB Bob Hendershot
|
0-0: Called Strike 0-1: Called Strike 0-2: Strikes out looking
|
|
Batting: SHB Dave Cochrane
|
0-0: Ball 1-0: Ball 2-0: Foul Ball, location: 2F 2-1: Swinging Strike 2-2: Ball 3-2: SINGLE (Flyball, 8LS, EV 91.9 MPH)
|
|
Batting: SHB Kevin King
|
0-0: Ball 1-0: Called Strike 1-1: Foul Ball, location: 2F 1-2: Fly out, F4 (Flyball, 3D, EV 81.3 MPH)
|
|
Batting: RHB Rafael Ramirez
|
0-0: Called Strike 0-1: Ball 1-1: Ball 2-1: Fly out, F4 (Popup, 13, EV 86.3 MPH)
|
| Bottom of the 4th over - 0 runs, 1 hit, 0 errors, 1 left on base; Santa Domingo 5 - San Juan 0 |
| TOP OF THE 5TH |
|
Santa Domingo Colonials batting - Pitching for San Juan Pitorros : RHP George DeMaria
|
|
Batting: LHB Marvell Wynne
|
0-0: Called Strike 0-1: Swinging Strike 0-2: Ball 1-2: Ball 2-2: Ball 3-2: Base on Balls
|
|
Batting: RHB Ken Gerhart
|
0-0: Ball 1-0: Ball Marvell Wynne is caught stealing 2nd base 2-4 2-0: Ball 3-0: Called Strike 3-1: Foul Ball, location: 2F 3-2: Strikes out looking
|
|
Batting: RHB Ron Wotus
|
0-0: Ball 1-0: Ground out 3-1 (Groundball, 34, EV 80.0 MPH)
|
| Top of the 5th over - 0 runs, 0 hits, 0 errors, 0 left on base; Santa Domingo 5 - San Juan 0 |
| BOTTOM OF THE 5TH |
|
San Juan Pitorros batting - Pitching for Santa Domingo Colonials : LHP Rich Rodas
|
|
Batting: RHB Jim Opie
|
0-0: Foul Ball, location: 2F 0-1: Ball 1-1: Ball 2-1: Fly out, F8 (Flyball, 8RXD, EV 101.3 MPH)
|
|
Batting: RHB Mike A Marshall
|
0-0: Foul Ball, location: 2F 0-1: Called Strike 0-2: Ball 1-2: Fly out, F7 (Flyball, 78D, EV 100.6 MPH)
|
|
Batting: LHB Pat Dodson
|
0-0: Called Strike 0-1: Ball 1-1: Ball 2-1: Ground out 4-3 (Groundball, 4, EV 86.9 MPH)
|
| Bottom of the 5th over - 0 runs, 0 hits, 0 errors, 0 left on base; Santa Domingo 5 - San Juan 0 |
| TOP OF THE 6TH |
|
Santa Domingo Colonials batting - Pitching for San Juan Pitorros : RHP George DeMaria
|
|
Batting: RHB Paul Runge
|
0-0: Called Strike 0-1: Ball 1-1: Foul Ball, location: 2F 1-2: Ball 2-2: Ball 3-2: Base on Balls
|
|
Batting: SHB Eddie Tanner
|
0-0: Ball 1-0: Fly out, F5 (Popup, 5SF, EV 83.8 MPH)
|
|
Batting: SHB Curt Bryan
|
0-0: Ball 1-0: Called Strike 1-1: Ball 2-1: Ball 3-1: Called Strike 3-2: Foul Ball, location: 2F 3-2: Reached on error, E4 (Groundball, 4, EV 100.6 MPH) Paul Runge to second
|
|
Batting: SHB Bip Roberts
|
0-0: Fly out, F6 (Line Drive, 6, EV 70.6 MPH)
|
|
Batting: LHB Mike Stenhouse
|
0-0: Called Strike 0-1: Ball 1-1: Ball 2-1: Ball 3-1: Called Strike 3-2: Foul Ball, location: 2F 3-2: Foul Ball, location: 2F 3-2: Base on Balls Paul Runge to third Curt Bryan to second
|
|
Batting: RHB John Rabb
|
0-0: Ball 1-0: Foul Ball, location: 2F 1-1: Ground out 3-1 (Groundball, 34, EV 103.1 MPH)
|
| Top of the 6th over - 0 runs, 0 hits, 1 error, 3 left on base; Santa Domingo 5 - San Juan 0 |
| BOTTOM OF THE 6TH |
|
San Juan Pitorros batting - Pitching for Santa Domingo Colonials : LHP Rich Rodas
|
|
Batting: LHB Franklin Stubbs
|
0-0: Foul Ball, location: 2F 0-1: Swinging Strike 0-2: Foul Ball, location: 2F 0-2: Strikes out looking
|
|
Batting: LHB Jeffrey Szczecinski
|
0-0: Called Strike 0-1: Ball 1-1: Ball 2-1: Fly out, F7 (Flyball, 7D, EV 93.1 MPH)
|
|
Batting: RHB Bob Hendershot
|
0-0: Ball 1-0: Foul Ball, location: 2F 1-1: Foul Ball, location: 2F 1-2: Ball 2-2: Ball 3-2: Strikes out looking
|
| Bottom of the 6th over - 0 runs, 0 hits, 0 errors, 0 left on base; Santa Domingo 5 - San Juan 0 |
| TOP OF THE 7TH |
|
Santa Domingo Colonials batting - Pitching for San Juan Pitorros : RHP George DeMaria
|
|
Batting: LHB Marvell Wynne
|
0-0: Ball 1-0: Called Strike 1-1: Foul Ball, location: 2F 1-2: Ball 2-2: Fly out, F8 (Line Drive, 8LM, EV 97.5 MPH)
|
|
Batting: RHB Ken Gerhart
|
0-0: Ball 1-0: Ball 2-0: Fly out, F2 (Popup, 25F, EV 82.5 MPH)
|
|
Batting: RHB Ron Wotus
|
0-0: Ground out U3 (Groundball, 3, EV 80.0 MPH)
|
| Top of the 7th over - 0 runs, 0 hits, 0 errors, 0 left on base; Santa Domingo 5 - San Juan 0 |
| BOTTOM OF THE 7TH |
|
San Juan Pitorros batting - Pitching for Santa Domingo Colonials : LHP Rich Rodas
|
|
Batting: SHB Dave Cochrane
|
0-0: Fly out, F6 (Popup, 6MS, EV 79.4 MPH)
|
|
Batting: SHB Kevin King
|
0-0: Fly out, F7 (Flyball, 78S, EV 94.4 MPH)
|
|
Batting: RHB Rafael Ramirez
|
0-0: Ball 1-0: Called Strike 1-1: Ball 2-1: Foul Ball, location: 2F 2-2: Strikes out swinging
|
| Bottom of the 7th over - 0 runs, 0 hits, 0 errors, 0 left on base; Santa Domingo 5 - San Juan 0 |
| TOP OF THE 8TH |
|
Santa Domingo Colonials batting - Pitching for San Juan Pitorros : RHP George DeMaria
|
|
Batting: RHB Paul Runge
|
0-0: Ball 1-0: Ball 2-0: Ball 3-0: Base on Balls
|
|
Batting: SHB Eddie Tanner
|
0-0: Ball 1-0: Called Strike 1-1: Called Strike 1-2: SINGLE (Line Drive, 8LS, EV 91.9 MPH) Paul Runge to second Runner from 2nd tries for 3rd, SAFE, throw by CF made to third
|
|
Batting: SHB Curt Bryan
|
0-0: Called Strike 0-1: Called Strike 0-2: Ball 1-2: Ball 2-2: Foul Ball, location: 2F 2-2: Strikes out swinging
|
|
Pitching: RHP Arthur Diekmann
|
|
|
Batting: SHB Bip Roberts
|
0-0: Ball 1-0: Fielders Choice at 2nd, 4-6 (Groundball, 4, EV 94.4 MPH) Paul Runge scores
|
|
Batting: LHB Mike Stenhouse
|
0-0: Ball 1-0: Foul Ball, location: 2F 1-1: Ball 2-1: Ball 3-1: Called Strike 3-2: Base on Balls Bip Roberts to second
|
|
Batting: RHB John Rabb
|
0-0: Ball 1-0: Fly out, F8 (Line Drive, 8RD, EV 105.6 MPH)
|
| Top of the 8th over - 1 run, 1 hit, 0 errors, 2 left on base; Santa Domingo 6 - San Juan 0 |
| BOTTOM OF THE 8TH |
|
San Juan Pitorros batting - Pitching for Santa Domingo Colonials : LHP Rich Rodas
|
|
Now at 3B: Vinny Jaramillo
|
|
|
Now in RF: Ramon Estepa
|
|
|
Batting: RHB Jim Opie
|
0-0: Ground out 5-3 (Groundball, 56S, EV 85.6 MPH)
|
|
Batting: RHB Mike A Marshall
|
0-0: Foul Ball, location: 2F 0-1: Foul Ball, location: 2F 0-2: Foul Ball, location: 2F 0-2: Ball 1-2: Fly out, F7 (Flyball, 7S, EV 83.1 MPH)
|
|
Batting: LHB Pat Dodson
|
0-0: Called Strike 0-1: Ball 1-1: Fly out, F6 (Popup, 4MD, EV 72.5 MPH)
|
| Bottom of the 8th over - 0 runs, 0 hits, 0 errors, 0 left on base; Santa Domingo 6 - San Juan 0 |
| TOP OF THE 9TH |
|
Santa Domingo Colonials batting - Pitching for San Juan Pitorros : RHP Arthur Diekmann
|
|
Batting: LHB Marvell Wynne
|
0-0: Ball 1-0: Swinging Strike 1-1: Foul Ball, location: 2F 1-2: Ball 2-2: Foul Ball, location: 2F 2-2: Strikes out swinging
|
|
Batting: RHB Ken Gerhart
|
0-0: Ball 1-0: Ball 2-0: Foul Ball, location: 2F 2-1: Foul Ball, location: 2F 2-2: Foul Ball, location: 2F 2-2: Ball 3-2: Foul Ball, location: 2F 3-2: Strikes out looking
|
|
Batting: RHB Ron Wotus
|
0-0: Called Strike 0-1: Ball 1-1: Ball 2-1: Foul Ball, location: 2F 2-2: Fly out, F7 (Line Drive, 7, EV 101.3 MPH)
|
| Top of the 9th over - 0 runs, 0 hits, 0 errors, 0 left on base; Santa Domingo 6 - San Juan 0 |
| BOTTOM OF THE 9TH |
|
San Juan Pitorros batting - Pitching for Santa Domingo Colonials : LHP Rich Rodas
|
|
Batting: LHB Franklin Stubbs
|
0-0: Ball 1-0: Called Strike 1-1: Swinging Strike 1-2: Ball 2-2: Foul Ball, location: 2F 2-2: Strikes out swinging
|
|
Batting: LHB Jeffrey Szczecinski
|
0-0: Called Strike 0-1: Ball 1-1: Foul Ball, location: 2F 1-2: Ball 2-2: Fly out, F6 (Popup, 6MD, EV 61.3 MPH)
|
|
Batting: RHB Bob Hendershot
|
0-0: Ground out 6-3 (Groundball, 6MS, EV 86.3 MPH)
|
| Bottom of the 9th over - 0 runs, 0 hits, 0 errors, 0 left on base; Santa Domingo 6 - San Juan 0 |
|